 Dungeon Crawl Stone Soup version 0.28.0-43-g3370ac3207 (webtiles) character file.

Game seed: 13336237230352828351

21 Zeld the Gusty (level 2, 0/15 HPs)
             Began as a Tengu Air Elementalist on Mar 30, 2022.
             Slain by a jackal (1 damage)
             ... on level 2 of the Dungeon.
             The game lasted 00:02:16 (1155 turns).

Zeld the Gusty (Tengu Air Elementalist)             Turns: 1155, Time: 00:02:17

Health: 0/15       AC:  2    Str:  8    XL:     2   Next: 83%
Magic:  2/6        EV: 12    Int: 15    God:
Gold:   26         SH:  0    Dex: 14    Spells: 2/5 levels left

rFire   . . .      SeeInvis .   (no weapon)
rCold   . . .      Faith    .   (no shield)
rNeg    . . .      Spirit   .   a - +0 robe
rPois   .          Reflect  .   (helmet restricted)
rElec   .          Harm     .   (no cloak)
rCorr   .          Rampage  .   (no gloves)
Will    .....                   (boots unavailable)
Stlth   ++........              (no amulet)
HPRegen 0.05/turn               (no ring)
MPRegen 0.10/turn               (no ring)

@: very slightly contaminated
A: beak, talons 3
a: no special abilities


You were on level 2 of the Dungeon.
You visited 1 branch of the dungeon, and saw 2 of its levels.

You collected 26 gold pieces.

Inventory:

Armour
 a - a +0 robe (worn)
Scrolls
 c - a scroll of magic mapping {unknown}
 e - 2 scrolls of enchant weapon {unknown}
Potions
 d - a potion of ambrosia {unknown}


   Skills:
 + Level 2.4 Dodging
 + Level 2.1 Stealth
 * Level 2.3 Spellcasting
 + Level 1.9 Conjurations
 * Level 4.3 Air Magic


You had 2 spell levels left.
You knew the following spells:

 Your Spells              Type           Power      Damage    Failure   Level
a - Shock                 Conj/Air       44%        1d5       6%          1
b - Static Discharge      Conj/Air       11%        N/A       9%          2

Your spell library contained the following spells:

 Spells                   Type           Power      Damage    Failure   Level
 Swiftness                Air            14%        N/A       11%         3
 Airstrike                Air            7%         N/A       34%         4
 Dazzling Flash           Conj/Hex       8%         N/A       38%         3
 Silence                  Hex/Air        4%         N/A       94%         5
 Agony                    Necr           1%         N/A       99%         5


Dungeon Overview and Level Annotations

Branches:
Dungeon (2/15)

Altars:
Kikubaaqudgha


Innate Abilities, Weirdness & Mutations

You have a beak for a mouth.
You have claws for feet.


Message History

An adder comes into view.
Casting: Shock (safe; 6% risk of failure)
Confirm with . or Enter, or press ? or * to list all spells.
Aiming: Shock (safe; 6% risk of failure)
Press: ? - help, Shift-Dir - straight line The zap hits the jackal.
The jackal is severely wounded.
The zap hits the jackal.
The jackal is almost dead.
The adder hisses angrily.
A bat comes into view.
The jackal bites you.
Casting: Shock (safe; 6% risk of failure)
Confirm with . or Enter, or press ? or * to list all spells.
Aiming: Shock (safe; 6% risk of failure)
Press: ? - help, Shift-Dir - straight line The zap hits the jackal.
You kill the jackal!
The zap hits the jackal.
You kill the jackal!
The jackal bites you. x2; The endoplasm closely misses you.
Casting: Shock (safe; 6% risk of failure)
Confirm with . or Enter, or press ? or * to list all spells.
Aiming: Shock (safe; 6% risk of failure)
Press: ? - help, Shift-Dir - straight line You miscast Shock.
You are very lightly contaminated with residual magic.
Nothing appears to happen.
The jackal bites you but does no damage.
The jackal completely misses you. The bat barely misses you.
The endoplasm freezes you.
You are frozen.
The bat hits you.
The jackal bites you but does no damage.
The jackal barely misses you. The endoplasm freezes you.
You are frozen.
* * * LOW HITPOINT WARNING * * *
The jackal bites you.
You die...

##......#
..._...
####.....#
#........
#...?...#
.#.......#
......bhJ#
#.>†.h@.#
#....S..#
#.......#
#########


You could see an adder, an endoplasm, 2 jackals and a bat.

Vanquished Creatures
  A bat (D:1)
  A giant cockroach (D:1)
  2 goblins (D:1)
  A hobgoblin (D:1)
  5 jackals
  3 ball pythons (D:1)
  2 kobolds (D:1)
  3 rats (D:1)
18 creatures vanquished.

Notes
Turn   | Place    | Note
-------+----------+-------------------------------------------
     0 | D:1      | Zeld the Tengu Air Elementalist began the quest for the
                  | Orb.
     0 | D:1      | Reached XP level 1. HP: 10/10 MP: 4/4
   191 | D:1      | Reached XP level 2. HP: 15/15 MP: 3/6
   195 | D:1      | Learned a level 2 spell: Static Discharge
   272 | D:1      | Found a faded altar of an unknown god.
  1150 | D:2      | Found an ancient bone altar of Kikubaaqudgha.
  1155 | D:2      | Slain by a jackal

Illustrated notes

Levels and vault maps discovered:
D:1:      minmay_arrival_doors, layout_basic,
          ebering_ecumenical_altar_sacrificial
D:2:      layout_loops_cross, basic_altar, lightli_corner_chamber

Action                   || total
-------------------------++-------
 Cast: Shock             ||    32
Armor: Robe              ||     2
Dodge: Dodged            ||     5
